 Dungeon Crawl Stone Soup version 0.17-a0-1632-g0af21bd (webtiles) character file.

391 urechis the Ruffian (level 6, 0/62 HPs)
             Began as a Troll Monk on Aug 3, 2015.
             Slain by urechis's ghost (22 damage)
             ... on level 4 of the Dungeon.
             The game lasted 00:03:52 (2692 turns).

urechis the Ruffian (Troll Monk)                    Turns: 2692, Time: 00:03:53

Health: 0/62       AC:  7    Str: 20    XL:     6   Next: 50%
Magic:  5/5        EV: 10    Int:  6    God:
Gold:   212        SH:  0    Dex: 14    Spells: 0 memorised, 5 levels left

rFire  . . .     SeeInvis .       - Unarmed
rCold  . . .     Clarity  .     f - +2 robe {MR+}
rNeg   . . .     SustAt   .     (no shield)
rPois  .         Gourm    +     (helmet restricted)
rElec  .         Spirit   .     (no cloak)
rCorr  .         Warding  .     (gloves unavailable)
rMut   .         Stasis   .     (boots unavailable)
MR     +....                    (no amulet)
Stlth  ++........               (no ring)
                                (no ring)

@: somewhat resistant to hostile enchantments, unstealthy
A: unfitting armour, claws 3, fast metabolism 3, gourmand, regeneration 2,
shaggy fur 1, tough skin 2
a: no special abilities


You were on level 4 of the Dungeon.
You were not hungry.

You visited 1 branch of the dungeon, and saw 4 of its levels.

You collected 212 gold pieces.

Inventory:

Missiles
 n - a throwing net (quivered)
Armour
 f - a +2 robe of magic resistance (worn)
Magical devices
 x - a wand of frost (32)
Scrolls
 c - a scroll of enchant armour {unknown}
 g - 3 scrolls of magic mapping {unknown}
 h - 4 scrolls of identify {unknown}
 l - 2 scrolls of remove curse {unknown}
 q - a scroll of immolation {unknown}
 s - a scroll of noise {unknown}
 w - a scroll of enchant weapon {unknown}
Potions
 d - a potion of degeneration {unknown}
 e - 3 potions of lignification {unknown}
 i - 2 potions of heal wounds {unknown}
 j - 3 potions of curing {unknown}
 k - a potion of haste {unknown}
 m - 3 potions of brilliance {unknown}
 r - a potion of berserk rage {unknown}
 t - a potion of agility {unknown}
 u - a potion of might {unknown}
 v - a potion of poison {unknown}
Comestibles
 a - 2 meat rations
 b - 5 bread rations
 o - 5 fruits
 p - a slice of pizza


   Skills:
 + Level 4.1 Fighting
 - Level 2.4 Dodging
 - Level 1.1 Stealth
 * Level 6.8 Unarmed Combat


You had 5 spell levels left.
You didn't know any spells.

Dungeon Overview and Level Annotations

Branches:
Dungeon (4/15)
 Temple: D:4-7

Altars:
Elyvilon
Vehumet

Shops:
D:4 (

Annotations:
D:4 urechis's ghost, average TrMo


Innate Abilities, Weirdness & Mutations

You are too large for most types of armour.
You have claws for hands.
Your metabolism is lightning-fast.
You like to eat raw meat.
You heal very quickly.
You are covered in fur (AC +1).
You have very tough skin (AC +2).


Message History

Urechis's ghost is moderately damaged.
You claw urechis's ghost!
Urechis's ghost is heavily damaged.
Urechis's ghost hits you!
You closely miss urechis's ghost.
Urechis's ghost is heavily damaged.
Urechis's ghost hits you!!
You barely miss urechis's ghost.
Urechis's ghost is heavily damaged.
Urechis's ghost hits you.
You claw urechis's ghost!
Urechis's ghost is heavily damaged.
Urechis's ghost closely misses you.
You closely miss urechis's ghost.
Urechis's ghost is heavily damaged.
Urechis's ghost hits you.
You closely miss urechis's ghost.
Urechis's ghost is heavily damaged.
Urechis's ghost hits you!!
You die...

####.###########.........#....
#.# #######.#######.#####
#.#####.......##....#.....#
#.#......#######.##.#.###.#
#.#......# #.##.#.#...#
###.#......# #.##.#.#.###
#..........# #.##.#.#.#
#..........#######.##.#.#.###
#..>.......W@................
##################.######.###
#..............#
#.......######## #.......#
#.......# #.......#
#.......##########
#.................


You could see urechis's ghost.

Vanquished Creatures
  A sky beast (D:3)
  An orc priest (D:4)
  3 orc wizards
  2 worker ants (D:4)
  A worker ant zombie (D:3)
  A hound skeleton (D:3)
  6 adders
  2 worms
  6 orcs
  11 bats
  5 giant cockroaches
  7 goblins
  7 hobgoblins
  3 jackals
  2 kobolds (D:1)
  A giant gecko (D:1)
  2 giant newts (D:3)
  A jackal zombie (D:3)
  7 rats
69 creatures vanquished.

Notes
Turn   | Place    | Note
--------------------------------------------------------------
     0 | D:1      | urechis the Troll Monk began the quest for the Orb.
     0 | D:1      | Reached XP level 1. HP: 22/22 MP: 0/0
   228 | D:1      | Reached XP level 2. HP: 29/29 MP: 1/1
   868 | D:2      | Reached XP level 3. HP: 27/36 MP: 2/2
  1252 | D:3      | Reached skill level 5 in Unarmed Combat
  1278 | D:3      | Reached XP level 4. HP: 40/45 MP: 3/3
  1320 | D:3      | Noticed a sky beast
  1337 | D:3      | Killed a sky beast
  1337 | D:3      | Reached XP level 5. HP: 45/53 MP: 4/4
  1350 | D:3      | Found a radiant altar of Vehumet.
  1407 | D:3      | Found a white marble altar of Elyvilon.
  1655 | D:3      | Reached skill level 6 in Unarmed Combat
  1974 | D:4      | Reached XP level 6. HP: 49/62 MP: 5/5
  2609 | D:4      | Found Zuemausy's Antique Weapon Boutique.
  2677 | D:4      | Noticed urechis's ghost (average TrMo)
  2692 | D:4      | Slain by urechis's ghost

Vault maps used:
D:1:      dpeg_chamrin_arrival_tetris, st_stairs_14,
          minmay_misc_feat_four_crosses
D:3:      overflow_temple_1_default, serial_undead, serial_undead_d,
          serial_undead_d, serial_undead_a, serial_undead_c, first_bread,
          elyvilon_altar_5
D:4:      serial_shops, kennysheep_mini_moat, minmay_misc_feat_tiny

Action                   |  1- 3 |  4- 6 || total
-------------------------+-------+-------++-------
Melee: Unarmed           |    95 |   142 ||   237
 Stab: Distracted        |     1 |       ||     1
       Sleeping          |       |     1 ||     1
  Eat: Chunk             |     9 |    15 ||    24
